 Dungeon Crawl Stone Soup version 0.22.0-32-gbc6daba (webtiles) character file.

0 Lew the Skirmisher (level 1, -5/23 HPs)
             Began as a Gnoll Abyssal Knight on Aug 23, 2018.
             Was a Follower of Lugonu.
             Killed from afar by a white imp (7 damage)
             ... with a puff of frost
             ... on level 2 of the Abyss.
             The game lasted 00:00:55 (192 turns).

Lew the Skirmisher (Gnoll Abyssal Knight)            Turns: 192, Time: 00:00:58

Health: -5/23      AC:  3    Str: 14    XL:     1   Next: 0%
Magic:  3/3        EV: 12    Int: 14    God:    Lugonu [*.....]
Gold:   0          SH:  0    Dex: 14    Spells: 0/0 levels left

rFire    . . .     SeeInvis .   a - +1 hand axe
rCold    . . .     Gourm    .   (no shield)
rNeg     . . .     Faith    .   b - +0 leather armour
rPois    .         Spirit   .   (no helmet)
rElec    .         Reflect  .   (no cloak)
rCorr    .         Harm     .   (no gloves)
MR       .....                  (no boots)
Stlth    +.........             (no amulet)
HPRegen  0.07/turn              (no ring)
MPRegen  0.08/turn              (no ring)

@: no status effects
A: distributed training, fangs 1, strong nose
a: Depart the Abyss, Renounce Religion


You were on level 2 of the Abyss.
You worshipped Lugonu.
Lugonu was aware of your devotion.
You were not hungry.

You visited 0 branches of the dungeon, and saw 0 of its levels.
You visited the Abyss 1 time.

Inventory:

Hand Weapons
 a - a +1 hand axe (weapon)
Armour
 b - a +0 leather armour (worn)
Scrolls
 d - a scroll of identify {unknown}
 e - a scroll of teleportation {unknown}
Comestibles
 c - a ration


   Skills:
 + Level 6.4 Fighting
 + Level 0.0 Short Blades
 + Level 0.0 Long Blades
 + Level 4.4 Axes
 + Level 0.0 Maces & Flails
 + Level 0.0 Polearms
 + Level 0.0 Staves
 + Level 0.0 Slings
 + Level 0.0 Bows
 + Level 0.0 Crossbows
 + Level 0.0 Throwing
 + Level 4.4 Armour
 + Level 2.3 Dodging
 + Level 0.0 Stealth
 + Level 0.0 Shields
 + Level 0.0 Unarmed Combat
 + Level 0.0 Spellcasting
 + Level 0.0 Conjurations
 + Level 0.0 Hexes
 + Level 0.0 Charms
 + Level 0.0 Summonings
 + Level 0.0 Necromancy
 + Level 0.0 Translocations
 + Level 0.0 Transmutations
 + Level 0.0 Fire Magic
 + Level 0.0 Ice Magic
 + Level 0.0 Air Magic
 + Level 0.0 Earth Magic
 + Level 0.0 Poison Magic
 + Level 4.4 Invocations
 + Level 0.0 Evocations


You couldn't memorise any spells.
You didn't know any spells.
Your spell library was empty.

Dungeon Overview and Level Annotations

Branches:
Dungeon (0/15)

Altars:


Innate Abilities, Weirdness & Mutations

Your experience applies equally to all skills.
You have very sharp teeth.
Your uncanny sense of smell can sniff out nearby items.


Message History

The blink frog blinks!
The blink frog blinks! x2
Found a papyrus book.
The blink frog blinks!
The white imp gestures at you. The puff of frost hits you!
The blink frog blinks!
The blink frog blinks!
Found a deep blue altar of Sif Muna.
The crimson imp grinds its teeth.
Found 31 gold pieces.
The blink frog blinks!
Found a leather armour.
The white imp summons a swarm of flies.
The blink frog hits you.
* * * LOW HITPOINT WARNING * * *
The blink frog blinks!
The white imp gestures at you. The puff of frost hits you!
You die...

#.....#.....##5#..#.
...###...#...#.##
....#......##.....#
.......F#5###....
........F.#.# ...
........##F.# #
..#.....#...# .
##...#5##.#
#..:.@F...#
.......$#....#
........#..._..#
...........##...
..#.......#. .#. .
##...##..[. ....
..##. [.... ..


You could see 2 blink frogs and a white imp.

Vanquished Creatures (others)
  4 starspawn tentacles (Abyss:1)
4 creatures vanquished.

Notes
Turn   | Place    | Note
-------+----------+-------------------------------------------
     0 | Abyss:1  | Lew the Gnoll Abyssal Knight began the quest for the Orb.
     0 | Abyss:1  | Reached XP level 1. HP: 23/23 MP: 3/3
   136 | Abyss:1  | Noticed a tentacled starspawn
   166 | Abyss:2  | Noticed a crimson imp
   168 | Abyss:2  | Noticed a crimson imp
   173 | Abyss:2  | Noticed a small abomination
   181 | Abyss:2  | Noticed a blink frog
   181 | Abyss:2  | Noticed a blink frog
   181 | Abyss:2  | Noticed a blink frog
   181 | Abyss:2  | Noticed a blink frog
   181 | Abyss:2  | Noticed a blink frog
   188 | Abyss:2  | Found a deep blue altar of Sif Muna.
   192 | Abyss:2  | Killed from afar by a white imp

Action                   || total
-------------------------++-------
Dodge: Dodged            ||     1
